Unix NetHack Version 5.0.0-0 post-release - last build May 31 2026 23:59:36 (970b52f25bf058293b47ddfd14a1e40e571c508c,branch:main).

Game began 2026-06-09 01:27:13, ended 2026-06-09 03:52:15.

Brudee, neutral female human Rogue

                                      ---
                                     -..|                          |..
                                    ....---------.----...|.|.....---.-
                                ..................................|.--
                               .......----------....-----...........|
                           .|....%.....-                     .Y>i..0-
                          ..<.%........                      --.....
                       ....[..........                       -.....
                       ...............                       ......
                       .............                         ......
                       ....)........                         ......
                      ...)%*.......                          ......
                      .%[..%......                           -....-
                      ..)...)...                             ------
                      ..........
                      ..... ....
                      ....  )--.
                       ...

Brudee the Rogue        St:15 Dx:18 Co:15 In:9 Wi:11 Ch:13  Neutral S:7492
Dlvl:10 $:116 HP:0(57) Pw:32(32) AC:3  Xp:9/2852 T:6973 

Latest messages:
 The magic missile hits it!
 What do you want to zap? [zE or ?*] E
 In what direction? u
 The magic missile hits it.
 You swap places with your tengu.
 In what direction? u
 You throw 2 daggers.
 The ice troll thrusts one of his daggers.
 The ice troll hits!
 The ice troll hits!
 You avoid harm.
 The ice troll bites!
 In what direction? u
 You throw 3 daggers.
 What do you want to zap? [zE or ?*] ?
 In what direction? u
 The ice troll swings wildly and misses!
 What do you want to zap? [zE or ?*] <space>
 Never mind.
 What do you want to zap? [zE or ?*] E
 In what direction? u
 The magic missile hits it.
 The magic missile hits it!
 What do you want to zap? [zE or ?*] E
 In what direction? u
 What do you want to put on? [sBDL or ?*] ?
 s - an uncursed amulet of reflection (being worn).
 The ice troll thrusts one of his daggers.
 The ice troll hits!
 The ice troll hits!
 You're covered in frost!
 The ice troll just misses!
 What do you want to zap? [zE or ?*] E
 In what direction? u
 In what direction? u
 You drop a wand of magic missile.
 The tengu picks up a wand of magic missile.
 You stop waiting.
 You hit the owlbear.
 The owlbear hits!
 The owlbear hits again!
 The owlbear grabs you!
 Are you sure you want to pray? [yn] (n) y
 You begin praying to Mog.
 The owlbear hits!
 The owlbear hits again!
 You are being crushed.
 You die...
 Do you want your possessions identified? [ynq] (y) y
 Do you want to see your attributes? [ynq] (y) q

Inventory:
 Coins    ('$')
  $ - 116 gold pieces
 Amulets  ('"')
  s - an uncursed amulet of reflection (being worn)
  B - a cursed amulet of restful sleep
 Weapons  (')')
  Y - a blessed +0 dart
  y - 15 +0 darts
  F - 2 +0 daggers (at the ready)
  T - a +0 dagger (alternate weapon; not wielded)
  O - the +0 Sting (weapon in right hand)
  n - a +0 dwarvish short sword
 Armor    ('[')
  x - an uncursed +0 dwarvish iron helm (being worn)
  A - an uncursed +0 elven leather helm
  I - an uncursed +0 pair of leather gloves (being worn)
  j - a blessed +2 pair of water walking boots (being worn)
  S - an uncursed +0 cloak of invisibility (being worn)
 Comestibles  ('%')
  d - an uncursed food ration
 Potions  ('!')
  g - an uncursed potion of gain ability
 Rings    ('=')
  D - an uncursed ring of conflict
 Wands    ('/')
  z - a wand of cancellation (0:8)
 Tools    ('(')
  i - an uncursed sack containing 17 items
  K - an uncursed leash
  M - an uncursed leash
  e - an uncursed lock pick
  C - a +0 pick-axe
  L - an uncursed towel
 Gems/Stones  ('*')
  N - an uncursed worthless piece of green glass

Contents of the sack:
  58 gold pieces
  a cursed -1 pair of levitation boots
  an uncursed scroll of amnesia
  an uncursed scroll of blank paper
  an uncursed scroll of fire
  an uncursed scroll of genocide
  a blessed scroll of identify
  an uncursed scroll of identify
  an uncursed scroll of magic mapping
  a blessed scroll of remove curse
  an uncursed scroll of remove curse
  3 potions of holy water
  a wand of striking (0:1)
  a magic marker (0:31)
  an uncursed tallow candle
  an uncursed dilithium crystal
  an uncursed turquoise stone

Brudee the Rogue's attributes:

Background:
 You were a Rogue, level 9 female human.
 You were neutral, belatedly on a mission for Mog
 who was opposed by Issek (lawful) and Kos (chaotic).
 You started out chaotic.
 You were right-handed.
 You were in the Gnomish Mines, on level 10.
 You entered the dungeon 6973 turns ago.
 It was nighttime.
 You had 2852 experience points, 2268 more were needed to attain level 10.
 Your score was 7492 before end-of-game adjustments.

Basics:
 You had 0 out of 57 hit points.
 You had all 32 energy points (spell power).
 Your armor class was 3.
 Your wallet contained 116 zorkmids, and
 you had 58 more stashed away in your pack.
 Autopickup was on for '$!=+?/"' plus thrown.

Final Characteristics:
 Your strength was 15 (limit:18/100).
 Your dexterity was 18 (limit:18).
 Your constitution was 15 (limit:18).
 Your intelligence was 9 (limit:18).
 Your wisdom was 11 (limit:18).
 Your charisma was 13 (limit:18).

Final Status:
 You were held by an owlbear (west).
 You weren't hungry.
 You were unencumbered.
 You were wielding a dagger.
 You were skilled in dagger.

Final Attributes:
 You were piously aligned.
 You were poison resistant.
 You were telepathic.
 You were aware of the presence of orcs.
 You were invisible.
 You were stealthy.
 You aggravated monsters.
 You could walk on water.
 You were warded.
 You had reflection.
 Mog was angry with you.
 You are dead.

Miscellaneous:
 You didn't encounter any bones levels.
 Total elapsed playing time was 2 hours, 7 minutes and 8 seconds.

Major events:
 Turn
    1: Brudee the chaotic female human Rogue entered the dungeon
 1084: attained the rank of Cutpurse (level 3)
 1866: entered the Gnomish Mines
 2581: attained the rank of Rogue (level 6)
 2585: reached Mine Town
 6797: chose an elven dagger to be named "Sting"
 6973: killed by an owlbear, while praying

Spells:
 Name                 Level Category     Fail Retention
 force bolt             1   attack        76%   51%-75%
 wizard lock            2   matter        86%   51%-75%

Skills:
 Fighting Skills
   bare handed combat [Unskilled]
   two weapon combat  [Unskilled]
   riding             [Unskilled]
 Weapon Skills
   dagger             [Skilled]
   knife              [Unskilled]
   short sword        [Skilled]
   broadsword         [Unskilled]
   long sword         [Unskilled]
   two-handed sword   [Unskilled]
   saber              [Unskilled]
   club               [Unskilled]
   mace               [Unskilled]
   morning star       [Unskilled]
   flail              [Unskilled]
   hammer             [Unskilled]
   polearms           [Unskilled]
   spear              [Unskilled]
   crossbow           [Unskilled]
   dart               [Unskilled]
   shuriken           [Unskilled]
 Spellcasting Skills
   divination spells  [Unskilled]
   escape spells      [Unskilled]
   matter spells      [Unskilled]

Voluntary challenges:
 Character rerolling was not enabled.
 You never genocided any monsters.
 You never polymorphed an object.
 You never changed form.
 You used no wishes.
Achievements:
 You entered a shop.
 You attained the rank of Cutpurse.
 You entered the Gnomish Mines.
 You attained the rank of Rogue.
 You entered Minetown.
 You entered a temple.

 The Dungeons of Doom: levels 1 to 5
    Level 1:
       A fountain.
    Level 2:
       A fountain.
    Level 3:
       A general store.
    Level 4:
       Some fountains.
       Stairs down to The Gnomish Mines.
    Level 5:
 The Gnomish Mines: levels 5 to 10
    Level 5:
    Level 6:
    Level 7:
       Many shops, a temple and an altar to Mog, some fountains, a sink.
    Level 8:
    Level 9:
    Level 10: <- You were here.
       Final resting place for
          you, killed by an owlbear, while praying.


Vanquished creatures:
  a warhorse
  a tengu
  a wraith
  a Grey-elf
  4 watchmen
  a quivering blob
  a wolf
  a lynx
  a leprechaun
 an iron piercer
  2 giant spiders
  a black light
  a gnome ruler
  a yeti
  2 lizards
  2 dogs
  2 dwarf leaders
  a white unicorn
  3 dust vortices
  2 ravens
  2 human zombies
  a Woodland-elf
  a bugbear
 an imp
  a wood nymph
  a water nymph
  a Mordor orc
  2 Uruk-hai
  4 rock piercers
  a rock mole
 13 gnome leaders
  3 gnomish wizards
  a gray ooze
  2 elf zombies
  3 giant ants
  3 floating eyes
 15 dwarves
  a homunculus
  a hill orc
  a rothe
  2 giant bats
  2 monkeys
  2 dwarf zombies
  5 iguanas
 11 killer bees
  3 coyotes
  a gas spore
  4 hobbits
  5 manes
  a hobgoblin
  5 giant rats
  5 cave spiders
  a brown mold
  a yellow mold
  2 green molds
 41 gnomes
  a gecko
  6 jackals
  3 foxes
  a kobold
  2 goblins
  5 grid bugs
  4 lichens
  2 kobold zombies
  8 newts
211 creatures vanquished.

No species were genocided or became extinct.

Game over:
                       ----------
                      /          \
                     /    REST    \
                    /      IN      \
                   /     PEACE      \
                  /                  \
                  |      Brudee      |
                  |      174 Au      |
                  |   killed by an   |
                  |     owlbear      |
                  |                  |
                  |                  |
                  |       2026       |
                 *|     *  *  *      | *
        _________)/\\_//(\/(/\)/\//\/|_)_______

Goodbye Brudee the Rogue...

You died in The Gnomish Mines on dungeon level 10 with 7475 points,
and 174 pieces of gold, after 6973 moves.
You were level 9 with a maximum of 57 hit points when you died.

